 Dungeon Crawl Stone Soup version 0.32-a0-468-g38b2580584 (webtiles) character file.

Game seed: 15875319096314147207

214 Jason515 the Shield-Bearer (level 5, -2/52 HPs)
             Began as a Troll Fighter on Feb 24, 2024.
             Was an Initiate of Yredelemnul.
             Succumbed to Duvessa's poison
             ... on level 5 of the Dungeon.
             The game lasted 00:12:00 (1432 turns).

Jason515 the Shield-Bearer (Troll Fighter)          Turns: 1432, Time: 00:12:00

Health: -2/52      AC:  4    Str: 26    XL:     5   Next: 59%
Magic:  4/4        EV:  9    Int:  4    God:    Yredelemnul [......]
Gold:   91         SH:  8    Dex:  9    Spells: 4/4 levels left

rFire   . . .        a - +0 long sword
rCold   . . .        c - +0 kite shield
rNeg    + . .        b - +0 robe
rPois   .            (helmet restricted)
rElec   .            (no cloak)
rCorr   .            (gloves unavailable)
SInv    .            (boots unavailable)
Will    .....        (no amulet)
Stlth   +            h - ring of positive energy
HPRegen 1.08/turn    (no ring)
MPRegen 0.09/turn

%: no passive effects
@: lethally poisoned (-2 -> -30), wreathed by umbra
A: large, unfitting armour, claws 3, regeneration 1, shaggy fur 1, tough skin 1
a: Renounce Religion, Light the Black Torch, Recall Undead Harvest


You were on level 5 of the Dungeon.
You worshipped Yredelemnul.
Yredelemnul was noncommittal.
You visited 1 branch of the dungeon, and saw 5 of its levels.

You collected 91 gold pieces.

Inventory:

Hand Weapons
 a - a +0 long sword (weapon)
Armour
 b - a +0 robe (worn)
 c - a +0 kite shield (worn)
Jewellery
 h - a ring of positive energy (left claw)
Scrolls
 e - a scroll of amnesia
 i - a scroll of identify
Potions
 d - a potion of might
 f - a potion of attraction {unknown}
 g - a potion of heal wounds
 j - a potion of resistance


   Skills:
 + Level 2.9 Fighting
 + Level 3.3 Long Blades
 + Level 3.0 Dodging
 + Level 0.1 Stealth
 + Level 3.6 Shields
 + Level 0.2 Invocations


You had 4 spell levels left.
You didn't know any spells.
Your spell library was empty.

Dungeon Overview and Level Annotations

Branches:
Dungeon (5/15)
 Temple: D:4-7

Altars:
Yredelemnul

Shops:
D:3 =   D:4 :

Annotations:
D:5 Dowan, Duvessa


Innate Abilities, Weirdness & Mutations

You are too large for most types of armour.
You have claws for hands.
Your natural rate of healing is unusually fast.
You are covered in fur. (AC +1)
You have tough skin. (AC +1)


Message History

The scorpion is severely wounded.
You feel sick.
The scorpion stings you but does no damage.
You hit the scorpion.
The scorpion is almost dead.
You feel sick.
You are no longer poisoned.
The scorpion stings you but does no damage.
You block the scorpion's attack.
You hit the scorpion.
You kill the scorpion!
Their soul becomes fuel for the torch.
The dead are crawling!
Duvessa hits you with a +4 rapier of venom!
You are poisoned.
Your Dodging skill increases to level 3!
You hit Duvessa but do no damage.
You feel very sick. Duvessa misses you.
Duvessa hits you with a +4 rapier of venom.
You are more poisoned.
You hit Duvessa.
Duvessa is lightly wounded.
You feel extremely sick. You block Duvessa's attack.
Your scorpion zombie barely misses Duvessa.
You block Duvessa's attack.
You hit Duvessa but do no damage.
Duvessa is lightly wounded.
You feel very sick.
Duvessa hits you with a +4 rapier of venom!
* * * LOW HITPOINT WARNING * * *
You are lethally poisoned!
Your scorpion zombie barely misses Duvessa.
Duvessa hits you but does no damage.
You are more poisoned.
Your scorpion zombie closely misses Duvessa.
You swap places.
You die...
Your body rises from the dead as a mindless zombie.

######## ##..@Zee#
#......###Z##
#....#?.....##########
#........)...........##
#.....#..#..#######.).##
.. .......e..# #....#...
# ....####...# #.##...##
...#. #...# #.....## #
....# #..####


You could see Duvessa (fast, ally target), Dowan, a friendly hound zombie and a
friendly scorpion zombie.

Vanquished Creatures
  A scorpion (D:5)
  A hound (D:5)
  A sleepcap (D:4)
  2 adders
  A gnoll (D:3)
  A ribbon worm (D:3)
  6 orcs
  A ball python (D:2)
  4 endoplasms
  A giant cockroach (D:3)
  2 goblins (D:3)
  2 hobgoblins
  3 kobolds (D:4)
  A quokka (D:2)
  3 bats
30 creatures vanquished.

Vanquished Creatures (collateral kills)
  2 gnolls (D:3)
  A ribbon worm (D:3)
  2 orcs (D:3)
  A quokka (D:3)
  A goblin (D:3)
7 creatures vanquished.

Vanquished Creatures (others)
  2 bat zombies
  A ball python zombie (D:2)
  A hobgoblin zombie (D:3)
  2 orc zombies
6 creatures vanquished.

Grand Total: 43 creatures vanquished

Notes
Turn   | Place    | Note
-------+----------+-------------------------------------------
     0 | D:1      | Jason515 the Troll Fighter began the quest for the Orb.
     0 | D:1      | Reached XP level 1. HP: 22/22 MP: 0/0
    51 | D:2      | Found a basalt altar of Yredelemnul.
    59 | D:2      | Became a worshipper of Yredelemnul the Fallen
   147 | D:2      | Reached XP level 2. HP: 22/29 MP: 1/1
   314 | D:3      | Reached XP level 3. HP: 32/36 MP: 2/2
   336 | D:3      | Found Gepten's Jewellery Boutique.
   776 | D:3      | Reached XP level 4. HP: 30/44 MP: 3/3
   885 | D:4      | Found Pufeodd's Book Boutique.
  1343 | D:5      | Entered Level 5 of the Dungeon
  1385 | D:5      | Noticed Dowan
  1386 | D:5      | Noticed Duvessa
  1392 | D:5      | Noticed a scorpion
  1408 | D:5      | Reached XP level 5. HP: 48/52 MP: 4/4
  1432 | D:5      | Succumbed to Duvessa's poison

Illustrated notes

Levels and vault maps discovered:
D:1:      amcnicky_arrival_gap_in_the_tavern_cellar, layout_loops_corners,
          nrook_campfire, dk_noncrumbling_4
D:2:      layout_loops_ring, basic_altar, uniq_crazy_yiuf_cottage, uniq_natasha
D:3:      layout_loops_cross, fiery_altar_vehumet, serial_shops,
          nicolae_shop_tiny_statue_garden, uniq_robin
D:4:      layout_loops_corners, serial_shops, nicolae_stop_n_shop_1
D:5:      layout_loops_ring, dancing_weapons_uskayaw, old_standard_altar,
          minmay_temple_entry_grid, minmay_misc_feat_secret_circle, uniq_duvessa

Skill      XL: |  1  2  3  4  5 |
---------------+----------------+-----
Long Blades    | 2 3 |  3.3
Shields        | 3 |  3.6
Dodging        | 3 |  3.0
Fighting       | |  2.9
Stealth        | |  0.1
Invocations    | |  0.2

Action                     |  1- 3 |  4- 6 || total
---------------------------+-------+-------++-------
  Melee: Long sword        |   108 |    63 ||   171
 Invoke: Light the Black T |     2 |     2 ||     4
         Recall Undead Har |     2 |     4 ||     6
    Use: Potion            |     2 |       ||     2
         Scroll            |     2 |     2 ||     4
 Armour: Robe              |    99 |    50 ||   149
  Dodge: Dodged            |    58 |    36 ||    94
  Block: Kite shield       |    57 |    40 ||    97

Table legend: (Time is in decaauts)
 A = Elapsed time spent in this place.
 B = Non-inter-level travel time spent in this place.
 C = Inter-level travel time spent in this place.
 D = Time resting spent in this place.
 E = Time spent auto-exploring this place.
 F = Levels seen in this place.
 G = Mean time per level.
                   A        B        C        D        E       F      G
               +--------+--------+--------+--------+--------+-----+--------+
         Total |   1500 |   1418 |     82 |      2 |      0 |   5 |  300.0 |
       Dungeon |   1500 |   1418 |     82 |      2 |      0 |   5 |  300.0 |
               +--------+--------+--------+--------+--------+-----+--------+

Top non-repeatable levels by time:
     D:3: 473 daAuts
     D:4: 464 daAuts
     D:2: 419 daAuts
     D:5: 102 daAuts
     D:1: 41 daAuts
